 Dungeon Crawl Stone Soup version 0.23-a0-183-gf37f6fb (webtiles) character file.

581 namelastname112 the Sneak (level 7, 12/58 HPs)
             Began as a Purple Draconian Assassin on Sept 22, 2018.
             Quit the game on level 3 of the Dungeon.
             The game lasted 00:06:11 (2972 turns).

namelastname112 the Sneak (DrAs)                    Turns: 2972, Time: 00:06:12

Health: 12/58      AC:  8    Str: 13    XL:     7   Next: 13%
Magic:  7/7        EV: 13    Int: 12    God:
Gold:   148        SH:  0    Dex: 14    Spells: 6/6 levels left

rFire    . . .     SeeInvis .   a - +2 dagger
rCold    . . .     Gourm    .   (no shield)
rNeg     . . .     Faith    .   (armour unavailable)
rPois    .         Spirit   .   (helmet restricted)
rElec    .         Reflect  .   c - +0 cloak
rCorr    .         Harm     .   p - +0 pair of gloves
MR       +....                  (no boots)
Stlth    +++.......             (no amulet)
HPRegen  0.19/turn              (no ring)
MPRegen  0.10/turn              (no ring)

@: mildly poisoned (12 -> 11)
A: breathe power, unfitting armour, cold-blooded, AC +6
a: Breathe Dispelling Energy


You were on level 3 of the Dungeon.
You were not hungry.

You visited 1 branch of the dungeon, and saw 5 of its levels.

You collected 148 gold pieces.

Inventory:

Hand Weapons
 a - a +2 dagger (weapon)
 b - a +0 blowgun
 g - a cursed -1 dagger
Missiles
 d - 2 poisoned needles
 e - 2 curare-tipped needles
Armour
 c - a +0 cloak (worn)
 p - a +0 pair of gloves (worn)
Jewellery
 m - an uncursed ring of fire
Scrolls
 h - 3 scrolls of identify
 j - 3 scrolls of remove curse
 l - 2 scrolls of amnesia {unknown}
 n - 2 scrolls of fear {unknown}
 o - 4 scrolls of teleportation
 q - 3 scrolls of magic mapping
Potions
 i - a potion of lignification
 k - a potion of curing {unknown}
Comestibles
 f - 6 rations


   Skills:
 + Level 3.7 Fighting
 * Level 4.4 Short Blades
 + Level 3.1 Throwing
 + Level 2.5 Dodging
 * Level 5.5 Stealth


You had 6 spell levels left.
You didn't know any spells.
Your spell library was empty.

Dungeon Overview and Level Annotations

Branches:
Dungeon (5/15)
 Temple: D:4-7

Altars:
Fedhas
Makhleb
Qazlal
Uskayaw
Vehumet


Innate Abilities, Weirdness & Mutations

You can breathe bolts of dispelling energy.
Your rich purple scales are hard. (AC +6)
You cannot fit into any form of body armour.
You are cold-blooded and may be slowed by cold attacks.


Message History

You miss the adder.
The adder is heavily wounded.
You feel sick. The adder bites you but does no damage.
You take 1 damage, and have 13/58 hp.
You miss the adder. You tail-slap the adder.
The adder is severely wounded.
The adder bites you but does no damage.
You hit the adder.
You kill the adder!
You feel sick.
You take 1 damage, and have 12/58 hp.
d - 2 poisoned needles
There is a stone staircase leading down, spattered with blood here.
Things that are here:
an uncursed shortbow; 23 arrows; a centaur corpse You feel sick.
You take 1 damage, and have 12/58 hp.
There isn't anything here!
There isn't anything here!
Are you sure you want to abandon this character and quit the game? (Confirm

#.###..####..#####...##### #.###
#......(.................# #....
######>.####.#######.##### #####
.............# #.# ### ##
######..#.##.# #####.## #.# #.
#..#.##.###......# #.# #.
#....##.#.#.###..# #.####.
#######.####...#.###..# #......
...........(...(@>....#####..###.
##.......###...#.####.##[........
##.####.............#.#..##..###.
_#.# #........#.####.#..........
.### #..###..........#.##...###.
..## #..####......##.#..........
#..####..#.###.#.####.#..#....##.
##.#.........#.#....#............
##.#.##..#.#.#.#.######..#.#.....


There were no monsters in sight!

Vanquished Creatures
  A sky beast (D:3)
  A centaur (D:3)
  A scorpion (D:4)
  A howler monkey (D:4)
  2 hounds
  2 orc priests
  An iguana (D:5)
  2 worker ants (D:4)
  4 adders
  3 worms (D:2)
  3 dart slugs
  3 leopard geckos
  5 orcs
  2 giant cockroaches
  10 goblins
  8 hobgoblins
  2 jackals (D:2)
  16 kobolds
  4 quokkas
  5 bats
  4 frilled lizards
  7 rats
87 creatures vanquished.

Notes
Turn   | Place    | Note
-------+----------+-------------------------------------------
     0 | D:1      | namelastname112 the Draconian Assassin began the quest for
                  | the Orb.
     0 | D:1      | Reached XP level 1. HP: 17/17 MP: 1/1
    18 | D:1      | Reached skill level 1 in Dodging
    95 | D:1      | Reached XP level 2. HP: 24/25 MP: 2/2
   247 | D:1      | Reached skill level 4 in Stealth
   375 | D:1      | Reached XP level 3. HP: 27/30 MP: 3/3
   925 | D:2      | Reached XP level 4. HP: 36/37 MP: 4/4
  1213 | D:2      | Found a burning altar of Makhleb.
  1306 | D:2      | Found a faded altar of an unknown god.
  1543 | D:3      | Found a faded altar of an unknown god.
  1543 | D:3      | Found a stormy altar of Qazlal.
  1548 | D:3      | Found a blossoming altar of Fedhas.
  1550 | D:3      | Found a faded altar of an unknown god.
  1552 | D:3      | Found a hide-covered altar of Uskayaw.
  1840 | D:3      | Found a radiant altar of Vehumet.
  1920 | D:3      | You fall through a shaft for 2 floors!
  1920 | D:5      | Entered Level 5 of the Dungeon
  1930 | D:5      | Reached XP level 5. HP: 28/44 MP: 5/5
  1999 | D:5      | Noticed an ice beast
  2050 | D:4      | Reached skill level 5 in Stealth
  2050 | D:4      | Reached XP level 6. HP: 16/51 MP: 6/6
  2481 | D:3      | Noticed a sky beast
  2515 | D:3      | Killed a sky beast
  2964 | D:3      | Your scales start taking on a rich purple colour.
  2964 | D:3      | Reached XP level 7. HP: 15/58 MP: 7/7
  2972 | D:3      | Quit the game

Vault maps used:
D:1:      dpeg_arrival_simpleton_c
D:2:      chequers_ecumenical_altar_grove, makhleb_heckhound_becter
D:3:      fiery_altar_vehumet, chequers_temple_overflow_minitemple
D:4:      lemuel_doored_altar
D:5:      kennysheep_mini, amethyst_overflow_temple_binary, temple_hall,
          first_ration

Skill      XL: |  1  2  3  4  5  6 |
---------------+-------------------+-----
Dodging        | 1 2 |  2.5
Stealth        | 4 5 |  5.5
Throwing       | 2 3 |  3.1
Short Blades   | 3 4 |  4.4
Fighting       | 3 |  3.7

Action                   |  1- 3 |  4- 6 |  7- 9 || total
-------------------------+-------+-------+-------++-------
Melee: Dagger            |   144 |   154 |     4 ||   302
       Tailslap          |    18 |    21 |     1 ||    40
       Unarmed           |       |     2 |       ||     2
 Fire: Blowgun           |     4 |    39 |       ||    43
  Use: Scroll            |       |     5 |       ||     5
       Potion            |       |     1 |       ||     1
 Stab: Sleeping          |     8 |     7 |       ||    15
       Distracted        |       |     1 |       ||     1
  Eat: Chunk             |       |     3 |       ||     3
       Ration            |       |     1 |       ||     1
Armor: Skin              |    33 |    54 |     2 ||    89
Dodge: Dodged            |    66 |   102 |       ||   168

Table legend:
 A = Non-vault XP
 B = Vault XP
 C = Vault XP percentage of total XP
 D = Non-vault monster count
 E = Vault monster count
 F = Vault count percentage of total count
                 A         B        C        D         E       F
            +---------+---------+-------+---------+---------+-------
      Total |     788 |      42 |   5.1 |      86 |       1 |   1.1
            +---------+---------+-------+---------+---------+-------
        D:1 |      47 |       0 |   0.0 |      30 |       0 |   0.0
        D:2 |      81 |      42 |  34.1 |      27 |       1 |   3.6
        D:3 |     273 |       0 |   0.0 |      11 |       0 |   0.0
        D:4 |     301 |       0 |   0.0 |      13 |       0 |   0.0
        D:5 |      86 |       0 |   0.0 |       5 |       0 |   0.0
            +---------+---------+-------+---------+---------+-------
